 Dungeon Crawl Stone Soup version 0.28.0 (console) character file.

Game seed: 4731641901023316460

18 ryathie the Skirmisher (level 2, -6/20 HPs)
             Began as a Gargoyle Fighter on Feb 16, 2022.
             Mangled by Grinder (8 damage)
             ... on level 2 of the Dungeon.
             The game lasted 00:01:41 (333 turns).

ryathie the Skirmisher (Gargoyle Fighter)            Turns: 333, Time: 00:01:42

Health: -6/20      AC: 10    Str: 19    XL:     2   Next: 66%
Magic:  2/2        EV:  9    Int:  8    God:
Gold:   54         SH:  4    Dex:  9    Spells: 1/1 levels left

rFire   . . .      SeeInvis .   a - +0 war axe
rCold   . . .      Faith    .   c - +0 buckler
rNeg    + . .      Spirit   .   b - +0 scale mail
rPois   ∞          Reflect  .   (no helmet)
rElec   +          Harm     .   g - +0 cloak
rCorr   .          Rampage  .   (no gloves)
Will    .....                   (no boots)
Stlth   ..........              (no amulet)
HPRegen 0.06/turn               (no ring)
MPRegen 0.08/turn               (no ring)

@: no status effects
A: sickness immunity, AC +2, negative energy resistance 1, electricity
resistance, torment resistance 1, petrification resistance
a: no special abilities


You were on level 2 of the Dungeon.
You visited 1 branch of the dungeon, and saw 3 of its levels.

You collected 54 gold pieces.

Inventory:

Hand Weapons
 a - a +0 war axe (weapon)
Armour
 b - a +0 scale mail (worn)
 c - a +0 buckler (worn)
 g - a +0 cloak (worn)
Scrolls
 f - a scroll of enchant weapon {unknown}
Potions
 d - a potion of might
 e - a potion of cancellation {unknown}


   Skills:
 + Level 3.8 Fighting
 + Level 2.3 Axes
 - Level 3.2 Armour
 - Level 3.2 Shields


You had one spell level left.
You didn't know any spells.
Your spell library was empty.

Dungeon Overview and Level Annotations

Branches:
Dungeon (3/15)

Altars:
Gozag

Annotations:
D:2 Grinder


Innate Abilities, Weirdness & Mutations

You are immune to sickness and miasma.
Your stone body is resilient. (AC +2)
You are immune to poison.
You resist negative energy. (rN+)
You are resistant to electric shocks. (rElec)
You are resistant to unholy torment.
You are immune to petrification.


Message History

The goblin shouts!
There is a stone staircase leading up here.
Press: ? - help, v - describe, . - travel
Here: Grinder The floor.
Grinder hits you but does no damage.
You climb upwards.
There is a stone staircase leading down here.
You hit Grinder but do no damage. Grinder hits you but does no damage.
You closely miss Grinder.
Grinder blinks!
Grinder blinks!
Grinder gestures at you.
You suddenly lose the ability to move!
You can move again.
Unknown command.
You slash Grinder!
Grinder is lightly wounded.
Grinder gestures at you.
You are unaffected.
Grinder hits you.
You writhe in agony.
You barely miss Grinder.
Grinder is lightly wounded.
Grinder barely misses you.
You closely miss Grinder.
Grinder is lightly wounded.
You block Grinder's attack.
You hit Grinder but do no damage.
Grinder is lightly wounded.
Grinder hits you.
You writhe in agony.
* * * LOW HITPOINT WARNING * * *
Grinder hits you.
* * * LOW HITPOINT WARNING * * *
You writhe in agony.
* * * LOW HITPOINT WARNING * * *
You barely miss Grinder.
Grinder is lightly wounded.
Grinder closely misses you.
You slash Grinder!
Grinder is moderately wounded.
Grinder hits you!
You die...

#........# ##
###########........# <#
##...#..............##
.#####.....................
.#........................#
...##......................
.####........>.....†.......
.# ##.....................
## ##.........@5.........
####.##.............. #
#..###..)........[# # #.##
##..........## # #.#
...####.##### # #.###.#.#
.# # #.#.....# # ###
#.#.....# ..### #...._..#


You could see Grinder.

Vanquished Creatures
  2 dart slugs (D:1)
  2 bats (D:1)
  An endoplasm (D:1)
  A goblin (D:1)
  A ball python (D:2)
  2 frilled lizards
  3 kobolds
  3 rats
15 creatures vanquished.

Vanquished Creatures (others)
  8 plants (D:2)
  12 withered plants (D:2)
20 creatures vanquished.

Grand Total: 35 creatures vanquished

Notes
Turn   | Place    | Note
-------+----------+-------------------------------------------
     0 | D:1      | ryathie the Gargoyle Fighter began the quest for the Orb.
     0 | D:1      | Reached XP level 1. HP: 14/14 MP: 1/1
    73 | D:1      | Reached XP level 2. HP: 13/19 MP: 2/2
   243 | D:2      | Found an opulent altar of Gozag.
   310 | D:3      | Noticed Grinder
   323 | D:2      | Paralysed by Grinder for 3 turns
   331 | D:2      | HP: 1/20 [Grinder (2)]
   333 | D:2      | Mangled by Grinder

Illustrated notes

Levels and vault maps discovered:
D:1:      saegor_arrival_simple_a, layout_basic
D:2:      layout_rooms, shapermc_ecumenical_altar_flowoftime, basic_altar,
          serial_shops, nicolae_square_shop, kennysheep_doodads, minivault_5
D:3:      layout_basic, fedhas_altar_4, uniq_grinder

Skill      XL: |  1 |
---------------+----+-----
Axes           | 2 |  2.3
Fighting       | |  3.8
Armour         | |  3.2
Shields        | |  3.2

Action                   || total
-------------------------++-------
Melee: War axe           ||    55
Armor: Scale mail        ||    28
Dodge: Dodged            ||    21
Block: Buckler           ||    17
